 Dungeon Crawl Stone Soup version 0.31-a0-705-ga145531891 (webtiles) character file.

Game seed: 782574522822112016

74 osuadh the Digger (level 4, -2/26 HPs)
             Began as a Gargoyle Earth Elementalist on Sept 10, 2023.
             Slain by Terence
             ... wielding a +0 flail of protection
              (9 damage)
             ... on level 3 of the Dungeon.
             The game lasted 00:06:12 (2169 turns).

osuadh the Digger (Gargoyle Earth Elementalist)     Turns: 2169, Time: 00:06:12

Health: -2/26      AC:  6    Str: 12    XL:     4   Next: 30%
Magic:  5/8        EV: 11    Int: 17    God:
Gold:   65         SH:  0    Dex: 10    Spells: 4/8 levels left

rFire   . . .        h - +2 dagger (speed)
rCold   . . .        (no shield)
rNeg    + . .        a - +0 robe
rPois   ∞            (no helmet)
rElec   +            (no cloak)
rCorr   .            g - +0 pair of gloves
SInv    .            (no boots)
Will    .....        (no amulet)
Stlth   ++           (no ring)
HPRegen 0.24/turn    (no ring)
MPRegen 0.11/turn

%: no passive effects
@: no status effects
A: sickness immunity, AC +3, negative energy resistance 1, electricity
resistance, torment resistance 1, petrification resistance
a: no special abilities


You were on level 3 of the Dungeon.
You visited 1 branch of the dungeon, and saw 3 of its levels.

You collected 65 gold pieces.

Inventory:

Hand Weapons
 h - a +2 dagger of speed (weapon)
Missiles
 c - 41 stones
Armour
 a - a +0 robe (worn)
 g - a +0 pair of gloves (worn)
Scrolls
 d - a scroll of blinking {unknown}
 f - a scroll of noise {unknown}
 i - a scroll of enchant weapon {unknown}
 k - a scroll of fear {unknown}
 l - 2 scrolls of identify {unknown}
 m - 2 scrolls of teleportation {unknown}
Potions
 b - a potion of magic
 e - a potion of cancellation {unknown}
 j - a potion of heal wounds {unknown}


   Skills:
 + Level 2.2 Fighting
 - Level 1.5 Dodging
 - Level 2.1 Stealth
 + Level 2.8 Spellcasting
 + Level 1.3 Conjurations
 - Level 0.7 Transmutations
 - Level 4.1 Earth Magic


You had 4 spell levels left.
You knew the following spells:

 Your Spells              Type           Power      Damage    Failure   Level
a - Sandblast             Erth           32%        2d9       3%          1
b - Stone Arrow           Conj/Erth      22%        3d8       17%         3

Your spell library contained the following spells:

 Spells                   Type           Power      Damage    Failure   Level
 Passwall                 Tmut/Erth      8%         N/A       10%         2
 Ensorcelled Hibernation  Hex/Ice        4%         N/A       26%         2
 Jinxbite                 Hex            4%         N/A       26%         2
 Ozocubu's Armour         Ice            2%         N/A       47%         3
 Petrify                  Tmut/Erth      10%        N/A       54%         4
 Anguish                  Hex/Necr       1%         N/A       87%         4
 Ozocubu's Refrigeration  Ice            1%         4d7       100%        7


Dungeon Overview and Level Annotations

Branches:
Dungeon (3/15)

Altars:
Trog

Annotations:
D:3 Terence


Innate Abilities, Weirdness & Mutations

You are immune to sickness and miasma.
Your stone body is resilient. (AC +3)
You are immune to poison.
You resist negative energy. (rN+)
You are resistant to electric shocks. (rElec)
You are resistant to unholy torment.
You are immune to petrification.


Message History

Aim: Terence, wielding a +0 flail of protection and wearing a +0 scale mail (lightly wounded, 84% to hit)
The blast of sand hits Terence but does no damage.
Terence is lightly wounded.
Terence hits you but does no damage. Terence barely misses you.
Casting: Sandblast (safe; 3% risk of failure)
Confirm with . or Enter, or press ? or * to list all spells.
Aiming: Sandblast (safe; 3% risk of failure)
Press: ? - help, Shift-Dir - straight line, f/p - Terence
Aim: Terence, wielding a +0 flail of protection and wearing a +0 scale mail (lightly wounded, 84% to hit)
The blast of sand hits Terence but does no damage.
Terence is lightly wounded.
Terence hits you with a +0 flail of protection.
Casting: Sandblast (safe; 3% risk of failure)
Confirm with . or Enter, or press ? or * to list all spells.
Aiming: Sandblast (safe; 3% risk of failure)
Press: ? - help, Shift-Dir - straight line, f/p - Terence
Aim: Terence, wielding a +0 flail of protection and wearing a +0 scale mail (lightly wounded, 84% to hit)
The blast of sand hits Terence.
Terence is lightly wounded.
Terence hits you with a +0 flail of protection!
Terence misses you.
Terence says, "Rest in peace."
There is a stone staircase leading down here.
Terence attacks as he pursues you! Terence barely misses you.
Terence attacks as he pursues you! Terence barely misses you.
There is a stone staircase leading up here.
There is an escape hatch in the ceiling here.
Terence attacks as he pursues you! Terence closely misses you.
Terence attacks as he pursues you!
Terence hits you with a +0 flail of protection.
A goblin comes into view. It is wielding a +0 dagger.
The goblin shouts!
Terence attacks as he pursues you!
Terence hits you with a +0 flail of protection!
Terence attacks as he pursues you!
Terence hits you with a +0 flail of protection.
* * * LOW HITPOINT WARNING * * *
Terence attacks as he pursues you!
Terence hits you with a +0 flail of protection!
You die...

........# ..... #.# #
#..##.#####
#.#.........#
......#.##..#####.
..##..#...........
.........#..######
#.###.####..#
###########.### #
#.####..#
#.@@..g.......#
#.....>.#
#.#####.###.#.
#####...#
#.##........#
#...###.##.##.##..#
#...#........g## .#
###...................
........<.<...#......
#.
...............##.##..
#.............###.# ##


You could see Terence and a goblin.

Vanquished Creatures
  An adder (D:2)
  4 worms (D:2)
  3 orcs (D:2)
  6 bats
  2 endoplasms (D:2)
  A giant cockroach (D:1)
  8 goblins
  4 hobgoblins
  4 jackals (D:2)
  2 kobolds (D:1)
  3 quokkas
  3 ball pythons
  3 frilled lizards
  3 rats
47 creatures vanquished.

Notes
Turn   | Place    | Note
-------+----------+-------------------------------------------
     0 | D:1      | osuadh the Gargoyle Earth Elementalist began the quest for
                  | the Orb.
     0 | D:1      | Reached XP level 1. HP: 10/10 MP: 3/3
   239 | D:1      | Reached XP level 2. HP: 16/16 MP: 3/5
   392 | D:1      | Reached skill level 1 in Fighting
   503 | D:1      | Reached skill level 4 in Earth Magic
   994 | D:1      | Reached XP level 3. HP: 20/20 MP: 4/6
   998 | D:1      | Learned a level 3 spell: Stone Arrow
  1361 | D:2      | Reached skill level 1 in Conjurations
  1514 | D:2      | Found a bloodstained altar of Trog.
  1615 | D:2      | Reached XP level 4. HP: 26/26 MP: 6/8
  2121 | D:3      | Noticed Terence
  2169 | D:3      | Slain by Terence

Illustrated notes

Levels and vault maps discovered:
D:1:      spicycebolla_arrival_clurvy, layout_loops_corners, due_unseen_surprise
D:2:      layout_rooms, basic_altar, serial_bayou_lagoon_a, supply_closet_lemuel
D:3:      layout_loops_cross, uniq_terence

Skill      XL: |  1  2  3 |
---------------+----------+-----
Fighting       | 1 2 |  2.2
Earth Magic    | 4 |  4.1
Conjurations   | 1 |  1.3
Dodging        | |  1.5
Stealth        | |  2.1
Spellcasting   | |  2.8
Transmutations | |  0.7

Action                     |  1- 3 |  4- 6 || total
---------------------------+-------+-------++-------
  Melee: Unarmed           |     6 |       ||     6
         Dagger            |    36 |       ||    36
   Cast: Sandblast         |    43 |    21 ||    64
         Stone Arrow       |       |     1 ||     1
   Stab: Sleeping          |     3 |       ||     3
 Armour: Robe              |    36 |    12 ||    48
  Dodge: Dodged            |    38 |    10 ||    48

Table legend: (Time is in decaauts)
 A = Elapsed time spent in this place.
 B = Non-inter-level travel time spent in this place.
 C = Inter-level travel time spent in this place.
 D = Time resting spent in this place.
 E = Time spent auto-exploring this place.
 F = Levels seen in this place.
 G = Mean time per level.
                   A        B        C        D        E       F      G
               +--------+--------+--------+--------+--------+-----+--------+
         Total |   2188 |   2158 |     30 |    116 |   1596 |   3 |  729.3 |
       Dungeon |   2188 |   2158 |     30 |    116 |   1596 |   3 |  729.3 |
               +--------+--------+--------+--------+--------+-----+--------+

Top non-repeatable levels by time:
     D:1: 1200 daAuts
     D:2: 923 daAuts
     D:3: 64 daAuts
